 Dungeon Crawl Stone Soup version 0.29.1-12-g30fa7ad0bf (webtiles) character file.

Game seed: 17717933064710350065

9 wormed the Trooper (level 2, 0/36 HPs)
             Began as a Demonspawn Fighter on Dec 22, 2022.
             Slain by a kobold
             ... wielding a +0 whip
              (2 damage)
             ... on level 1 of the Dungeon.
             The game lasted 00:00:35 (154 turns).

wormed the Trooper (Demonspawn Fighter)              Turns: 154, Time: 00:00:35

Health: 0/36       AC:  6    Str: 16    XL:     2   Next: 3%
Magic:  2/2        EV:  8    Int:  9    God:
Gold:   33         SH:  4    Dex: 12    Spells: 1/1 levels left

rFire   . . .      SeeInvis .   a - +0 flail
rCold   . . .      Faith    .   c - +0 buckler
rNeg    . . .      Spirit   .   b - +0 scale mail
rPois   .          Reflect  .   (no helmet)
rElec   .          Harm     .   (no cloak)
rCorr   .          Rampage  .   (no gloves)
Will    .....                   (no boots)
Stlth   ..........              (no amulet)
HPRegen 0.12/turn               (no ring)
MPRegen 0.16/turn               (no ring)

@: berserking, very quick
A: magic regeneration
a: no special abilities


You were on level 1 of the Dungeon.
You visited 1 branch of the dungeon, and saw 1 of its levels.

You collected 33 gold pieces.

Inventory:

Hand Weapons
 a - a +0 flail (weapon)
Armour
 b - a +0 scale mail (worn)
 c - a +0 buckler (worn)
Scrolls
 e - a scroll of poison {unknown}
Potions
 d - a potion of might


   Skills:
 + Level 3.1 Fighting
 * Level 2.1 Maces & Flails
 + Level 2.8 Armour
 + Level 2.8 Shields


You had one spell level left.
You didn't know any spells.
Your spell library was empty.

Dungeon Overview and Level Annotations

Branches:
Dungeon (1/15)

Altars:


Innate Abilities, Weirdness & Mutations

You regenerate magic rapidly.


Message History

The kobold is moderately wounded.
The kobold hits you with a +0 whip.
* * * LOW HITPOINT WARNING * * *
The rat bites you but does no damage.
You hit the kobold.
The kobold is heavily wounded.
The kobold hits you but does no damage. The rat barely misses you.
The kobold closely misses you. The rat bites you.
* * * LOW HITPOINT WARNING * * *
You hit the kobold but do no damage.
The kobold is heavily wounded.
You block the rat's attack. The kobold hits you with a +0 whip.
* * * LOW HITPOINT WARNING * * *
You barely miss the rat. You block the rat's attack.
The kobold barely misses you.
You barely miss the rat. The rat barely misses you.
The kobold hits you but does no damage.
A frilled lizard comes into view.
The rat barely misses you. The kobold barely misses you.
You sock the rat!
You kill the rat!
You block the kobold's attack.
The kobold throws a stone.
The stone hits you but does no damage. The kobold hits you with a +0 whip.
* * * LOW HITPOINT WARNING * * *
You barely miss the kobold.
The kobold is heavily wounded.
The kobold hits you but does no damage.
You barely miss the kobold.
The kobold is heavily wounded.
The kobold closely misses you. The kobold hits you with a +0 whip.
* * * LOW HITPOINT WARNING * * *
It was a potion of berserk rage.
A red film seems to cover your vision as you go berserk!
You feel yourself moving faster!
You feel mighty! The kobold barely misses you.
The frilled lizard barely misses you.
You closely miss the kobold.
The kobold is heavily wounded.
The kobold hits you with a +0 whip.
You die...

##....... #.....[.
#...... #.....#
##.....##
#####.......# .#
.........)..###..
#............
####.@..........
#...lK..........
........†..........
###...###..#...>...
#... #.(..........
#... #.#.........)
#... #.#..........
... #............
..####.........#


You could see a kobold and a frilled lizard.

Vanquished Creatures
  2 bats (D:1)
  A giant cockroach (D:1)
  A kobold (D:1)
  5 rats (D:1)
9 creatures vanquished.

Vanquished Creatures (others)
  An endoplasm (D:1)
1 creature vanquished.

Grand Total: 10 creatures vanquished

Notes
Turn   | Place    | Note
-------+----------+-------------------------------------------
     0 | D:1      | wormed the Demonspawn Fighter began the quest for the Orb.
     0 | D:1      | Reached XP level 1. HP: 18/18 MP: 1/1
   136 | D:1      | Gained mutation: You regenerate magic rapidly. [demonic
                  | ancestry]
   136 | D:1      | Reached XP level 2. HP: 17/24 MP: 2/2
   152 | D:1      | HP: 1/24 [kobold/+0 whip (4)]
   154 | D:1      | Slain by a kobold

Illustrated notes

Levels and vault maps discovered:
D:1:      amcnicky_arrival_gap_in_the_tavern_cellar, layout_rooms,
          hellmonk_ecumenical_altar_inner_sanctum, serial_corexii_hall,
          chequers_hall_statues_y, chequers_hall_statues_wall_a,
          chequers_hall_statues_corner_a, minmay_rat_gold_closets

Skill      XL: |  1 |
---------------+----+-----
Maces & Flails | 2 |  2.1
Fighting       | |  3.1
Armour         | |  2.8
Shields        | |  2.8

Action                   || total
-------------------------++-------
Melee: Flail             ||    43
  Use: Potion            ||     1
Armor: Scale mail        ||    33
Dodge: Dodged            ||    31
Block: Buckler           ||    13
